 Dungeon Crawl Stone Soup version 0.31-a0-175-g9f7f995f2b (webtiles) character file.

Game seed: 1069999616539711690

18493 qw the Cleaver (level 12, 0/77 HPs)
             Began as a Gargoyle Fighter on June 16, 2023.
             Was a High Priest of Okawaru.
             Slain by an elephant (9 damage)
             ... on level 3 of the Lair of Beasts.
             The game lasted 00:06:27 (11872 turns).

qw the Cleaver (Gargoyle Fighter)                  Turns: 11872, Time: 00:06:28

Health: 0/77       AC: 23    Str: 27    XL:     12   Next: 59%
Magic:  18/19      EV: 12    Int: 10    God:    Okawaru [*****.]
Gold:   467        SH:  6    Dex:  9    Spells: 11/11 levels left

rFire   . . .        Y - +4 war axe
rCold   . . .        c - +0 buckler
rNeg    + . .        b - +0 scale mail
rPois   inf          e - +0 helmet
rElec   +            o - scarf {repulsion}
rCorr   .            v - +1 pair of gloves {Str+3}
SInv    .            p - +0 pair of boots
Will    .....        q - amulet of faith
Stlth   +            (no ring)
HPRegen 0.32/turn    (no ring)
MPRegen 0.16/turn

%: repel missiles, faith
@: about to teleport, heroic
A: sickness immunity, AC +8, negative energy resistance 1, electricity
resistance, torment resistance 1, petrification resistance
a: Renounce Religion, Heroism, Finesse, Duel


You were on level 3 of the Lair of Beasts.
You worshipped Okawaru.
Okawaru was extremely pleased with you.
You visited 3 branches of the dungeon, and saw 13 of its levels.
You also visited: Ossuary.

You collected 794 gold pieces.
You spent 327 gold pieces at shops.


Innate Abilities, Weirdness & Mutations

You are immune to sickness and miasma.
Your stone body is resilient. (AC +8)
You are immune to poison.
You resist negative energy. (rN+)
You are resistant to electric shocks. (rElec)
You are resistant to unholy torment.
You are immune to petrification.


   Skills:
 - Level 10.0(15.0) Fighting
 + Level 13.3(18.3) Axes
 - Level 6.0(11.0) Armour
 - Level 2.7(7.7) Dodging
 - Level 6.0(11.0) Shields
 - Level 10.0 Invocations


You had 11 spell levels left.
You didn't know any spells.
Your spell library was empty.

Inventory:

Hand Weapons
 r - the +8 hand axe of Day {flame, Will+}
   (You took it off an orc on level 5 of the Dungeon)

   Will:      It increases your willpower.
 u - the +1 broad axe "Voec" {antimagic, rC+ rCorr}
   (Okawaru gifted it to you on level 1 of the Lair of Beasts)

   rC:        It protects you from cold.
   rCorr:     It protects you from acid and corrosion.
 Y - a +4 war axe (weapon)
Armour
 b - a +0 scale mail (worn)
 c - a +0 buckler (worn)
 e - a +0 helmet (worn)
 o - a scarf of repulsion (worn)
 p - a +0 pair of boots (worn)
 s - the +1 leather armour of Negation {Harm rF++ Int-3}
   (You bought it in a shop on level 9 of the Dungeon)

   Int:       It affects your intelligence (-3).
   rF:        It greatly protects you from fire.
   Harm:      It increases damage dealt and taken.
 v - a +1 pair of gloves of strength (worn)
Jewellery
 m - an amulet of the acrobat
 q - an amulet of faith (around neck)
Scrolls
 f - 2 scrolls of identify
Potions
 a - a potion of lignification
 d - 2 potions of might
 g - 2 potions of attraction
 i - a potion of mutation
 j - a potion of heal wounds
 k - a potion of cancellation
 l - 2 potions of resistance
 n - 3 potions of curing

Dungeon Overview and Level Annotations

Branches:
Dungeon (9/15)             Temple (1/1) D:6            Lair (3/5) D:9
  Swamp (0/4) Lair:2      Ossuary (visited)
  Snake: Lair:2-3    Spider: Lair:2-3       Orc: D:9-12

Altars:
Ashenzari
Cheibriados
Dithmenos
Elyvilon
Gozag
Hepliaklqana
Kikubaaqudgha
Makhleb
Okawaru
Qazlal
Ru
Sif Muna
Trog
Uskayaw
Vehumet
Wu Jian
Xom
Yredelemnul
Zin
The Shining One

Shops:
D:2 (   D:9 [

Annotations:
Lair:2 exclusion: centaur
Lair:3 exclusion: killer bee


Message History

You slice the elephant!!
The elephant is severely wounded.
You slash the elephant!
You hit the elephant but do no damage. x2
You block the elephant's attack. The elephant closely misses you.
The elephant tramples you but does no damage.
The elephant trunk-slaps you but does no damage.
The elephant closely misses you. The elephant misses you.
You slash the elephant!
The elephant is almost dead.
You hit the elephant. You slash the elephant! You barely miss the elephant.
You slash the elephant! You slice the elephant!!
You kill the elephant!
Okawaru accepts your kill.
You slash the elephant! x2; You barely miss the elephant.
You hit the elephant.
The elephant tramples you but does no damage.
The elephant trunk-slaps you but does no damage.
The elephant barely misses you.
The elephant trunk-slaps you but does no damage.
You block the elephant's attack.
The elephant trunk-slaps you but does no damage.
You block the elephant's attack.
The elephant trunk-slaps you but does no damage.
You slice the elephant!!
The elephant is almost dead.
You slash the elephant! You hit the elephant but do no damage.
You slice the elephant!! You block the elephant's attack.
The elephant trunk-slaps you but does no damage.
The elephant tramples you!
You stumble backwards!
The elephant tramples you but does no damage.
The elephant trunk-slaps you but does no damage.
The elephant tramples you!
You hold your ground!
The elephant trunk-slaps you but does no damage.
11872 ||| READING scroll of teleportation.
As you read the scroll of teleportation, it crumbles to dust.
You feel strangely unstable.
The elephant tramples you but does no damage.
The elephant trunk-slaps you. The elephant tramples you!
You die...

.....).....#
...........#
...........#
...........#
...........#
...........##
...........P#
...........P#
.#P#.##..Y@##
##.YY## #
###.Y..#
.#.###....%##
...........##
...........P#
...........##
.#.P#..#....#
#######...##


You could see 4 elephants.

Vanquished Creatures
  A two-headed ogre (D:9)
  3 bog bodies (Lair:2)
  A deep elf pyromancer (D:9)
  2 elephants (Lair:3)
  6 cane toads
  2 rime drakes
  3 komodo dragons
  2 polar bears
  Grinder (D:3)
  Sigmund (D:3)
  3 slime creatures (D:9)
  A wraith (D:9)
  35 yaks
  A wyvern (Lair:1)
  3 steam dragons
  3 basilisks
  A swamp worm (Lair:2)
  5 water moccasins
  2 black bears
  8 ice beasts
  8 wolves
  2 ogres (D:4)
  10 centaurs
  A phantom (D:6)
  2 kobold brigands
  Blork the orc (D:6)
  4 bullfrogs
  A scorpion (D:6)
  5 wights (D:8)
  4 killer bees (D:9)
  An electric eel (Lair:2)
  A jelly (D:5)
  A crimson imp (D:7)
  An orc priest (D:9)
  2 hounds
  7 iguanas
  7 orc wizards
  A sleepcap (D:7)
  A mummy (Ossuary)
  3 gnolls (D:8)
  6 adders
  2 shadow imps
  A white imp (D:7)
  2 ufetubi
  2 worms (D:2)
  3 dart slugs
  25 orcs
  2 spectral bats (Ossuary)
  8 bats
  6 endoplasms
  A giant cockroach (D:2)
  5 goblins
  7 hobgoblins
  7 jackals
  4 quokkas
  4 ball pythons
  6 bat simulacra (Ossuary)
  4 frilled lizards
  12 gnoll zombies (Ossuary)
  2 goblin simulacra (Ossuary)
  2 goblin skeletons (D:7)
  6 goblin zombies
  7 hobgoblin zombies
  15 kobolds
  3 kobold simulacra (Ossuary)
  5 kobold zombies
  An orc skeleton (D:7)
  8 orc zombies
  6 rats
  6 rat simulacra (Ossuary)
  5 spectral goblins (Ossuary)
  4 spectral rats (Ossuary)
324 creatures vanquished.

Vanquished Creatures (others)
  A hornet (Lair:2)
1 creature vanquished.

Grand Total: 325 creatures vanquished

Notes
Turn   | Place    | Note
-------+----------+-------------------------------------------
     0 | D:1      | qw the Gargoyle Fighter began the quest for the Orb.
     0 | D:1      | Reached XP level 1. HP: 14/14 MP: 1/1
     0 | D:1      | 0 ||| qw: Version: 0.2-a-29-g511e9b1
     0 | D:1      | 0 ||| qw: Game counter: 5719
     0 | D:1      | 0 ||| qw: Always use a shield: true
     0 | D:1      | 0 ||| qw: God list: Okawaru
     0 | D:1      | 0 ||| qw: Allow faded altars: false
     0 | D:1      | 0 ||| qw: Do Orc after D:15 true
     0 | D:1      | 0 ||| qw: Do second Lair branch before Depths: true
     0 | D:1      | 0 ||| qw: Lair rune preference: random
     0 | D:1      | 0 ||| qw: Plans: Normal, Zot:1-4, Slime:5, God:TSO, Crypt,
                  | Tomb, Abyss, Pan, Hells, Win
     0 | D:1      | 0 ||| PLANNING D:1-11
    73 | D:1      | Reached skill level 2 in Axes
   108 | D:1      | 108 ||| Stepping ~*~*~tactically~*~*~ (stealth).
   110 | D:1      | 110 ||| Stepping ~*~*~tactically~*~*~ (stealth).
   114 | D:1      | 114 ||| Stepping ~*~*~tactically~*~*~ (stealth).
   115 | D:1      | 115 ||| Stepping ~*~*~tactically~*~*~ (stealth).
   116 | D:1      | 116 ||| Stepping ~*~*~tactically~*~*~ (stealth).
   127 | D:1      | Reached XP level 2. HP: 18/19 MP: 2/2
   458 | D:1      | 458 ||| UPGRADING to +0 helmet.
   463 | D:1      | 463 ||| UPGRADING to +0 pair of gloves.
   468 | D:1      | 468 ||| UPGRADING to amulet of guardian spirit.
   473 | D:1      | 473 ||| READING scroll labelled ATO MAOVOUTI.
   517 | D:2      | Reached skill level 3 in Axes
   529 | D:2      | Reached XP level 3. HP: 23/23 MP: 3/3
   543 | D:2      | 543 ||| Stepping ~*~*~tactically~*~*~ (stealth).
   544 | D:2      | 544 ||| Stepping ~*~*~tactically~*~*~ (stealth).
   545 | D:2      | 545 ||| Stepping ~*~*~tactically~*~*~ (stealth).
   550 | D:2      | 550 ||| Stepping ~*~*~tactically~*~*~ (stealth).
   551 | D:2      | 551 ||| Stepping ~*~*~tactically~*~*~ (stealth).
   571 | D:2      | 571 ||| Stepping ~*~*~tactically~*~*~ (hiding).
   572 | D:2      | 572 ||| Stepping ~*~*~tactically~*~*~ (hiding).
   574 | D:2      | 574 ||| Stepping ~*~*~tactically~*~*~ (hiding).
   599 | D:2      | Found Giuf Zamn's Weapon Emporium.
   731 | D:2      | 731 ||| Stepping ~*~*~tactically~*~*~ (hiding).
   732 | D:2      | 732 ||| Stepping ~*~*~tactically~*~*~ (hiding).
   735 | D:2      | 735 ||| Stepping ~*~*~tactically~*~*~ (hiding).
   802 | D:2      | You fall into a shaft and drop 1 floor!
   833 | D:3      | Noticed Grinder
   834 | D:3      | 834 ||| Stepping ~*~*~tactically~*~*~ (hiding).
   835 | D:3      | 835 ||| Stepping ~*~*~tactically~*~*~ (hiding).
   838 | D:3      | 838 ||| Stepping ~*~*~tactically~*~*~ (hiding).
   839 | D:3      | 839 ||| Stepping ~*~*~tactically~*~*~ (hiding).
   846 | D:3      | Paralysed by Grinder for 3 turns
   851 | D:3      | 851 ||| Stepping ~*~*~tactically~*~*~ (hiding).
   852 | D:3      | 852 ||| Stepping ~*~*~tactically~*~*~ (hiding).
   859 | D:3      | Paralysed by Grinder for 3 turns
   867 | D:3      | Paralysed by Grinder for 4 turns
   874 | D:3      | 874 ||| Stepping ~*~*~tactically~*~*~ (hiding).
   882 | D:3      | HP: 5/23 [Grinder (3)]
   884 | D:3      | Killed Grinder
   885 | D:3      | Reached skill level 5 in Axes
   885 | D:3      | Reached XP level 4. HP: 6/28 MP: 1/4
   885 | D:3      | Reached XP level 5. HP: 7/32 MP: 1/5
   885 | D:3      | Reached XP level 6. HP: 8/37 MP: 1/6
  1055 | D:3      | 1055 ||| READING 2 scrolls labelled EJEDIL TUROWNA.
  1056 | D:3      | 1056 ||| READING 2 scrolls labelled GECVEF TIKK.
  1057 | D:3      | 1057 ||| READING scroll labelled BIVAUH REISS.
  1058 | D:3      | 1058 ||| READING scroll labelled GUSUOS QILAI.
  1059 | D:3      | 1059 ||| READING scroll labelled URROBR OKKIVEU.
  1060 | D:3      | 1060 ||| DROPPING scroll of fear.
  1332 | D:2      | 1332 ||| READING scroll labelled MATIFYTOULL.
  1333 | D:2      | 1333 ||| READING scroll labelled YMIREU MOUBLYSUANA.
  1338 | D:2      | 1338 ||| READING scroll labelled MUONAU EBBI.
  1450 | D:3      | Found a stormy altar of Qazlal.
  1595 | D:3      | 1595 ||| READING scroll of enchant weapon.
  1595 | D:3      | 1595 ||| ENCHANTING +1 war axe.
  1612 | D:3      | 1612 ||| Stepping ~*~*~tactically~*~*~ (hiding).
  1674 | D:3      | 1674 ||| DROPPING +0 club.
  1675 | D:3      | 1675 ||| DROPPING +0 mace.
  1800 | D:3      | Noticed Sigmund
  1801 | D:3      | 1801 ||| Stepping ~*~*~tactically~*~*~ (hiding).
  1804 | D:3      | 1804 ||| Stepping ~*~*~tactically~*~*~ (hiding).
  1844 | D:3      | Killed Sigmund
  1845 | D:3      | Reached XP level 7. HP: 14/43 MP: 2/7
  2058 | D:3      | 2058 ||| READING scroll labelled DOMAGIZ AHUH.
  2059 | D:3      | 2059 ||| READING 2 scrolls of identify.
  2059 | D:3      | 2059 ||| IDENTIFYING pink potion
  2120 | D:4      | 2120 ||| STAIRDANCE
  2193 | D:4      | 2193 ||| READING scroll of enchant weapon.
  2193 | D:4      | 2193 ||| ENCHANTING +2 war axe.
  2330 | D:4      | Reached skill level 6 in Axes
  2498 | D:4      | 2498 ||| Stepping ~*~*~tactically~*~*~ (hiding).
  2499 | D:4      | 2499 ||| Stepping ~*~*~tactically~*~*~ (hiding).
  2500 | D:4      | 2500 ||| Stepping ~*~*~tactically~*~*~ (hiding).
  3219 | D:4      | 3219 ||| READING 3 scrolls of identify.
  3219 | D:4      | 3219 ||| IDENTIFYING fizzy ruby potion
  3220 | D:4      | 3220 ||| READING 2 scrolls of identify.
  3220 | D:4      | 3220 ||| IDENTIFYING smoky ruby potion
  3254 | D:5      | Entered Level 5 of the Dungeon
  3287 | D:5      | Reached skill level 7 in Axes
  3364 | D:5      | Found a snail-covered altar of Cheibriados.
  3365 | D:5      | Identified the +8 hand axe of Day {flame, Will+}
  3374 | D:5      | Reached XP level 8. HP: 44/48 MP: 8/8
  3391 | D:5      | 3391 ||| DROPPING +0 flail.
  3604 | D:5      | 3604 ||| Stepping ~*~*~tactically~*~*~ (hiding).
  3612 | D:5      | HP: 10/48 [steam dragon (3)]
  3613 | D:5      | 3613 ||| READING scroll of teleportation.
  3614 | D:5      | 3614 ||| DRINKING 2 potions of heal wounds.
  3870 | D:5      | 3870 ||| Stepping ~*~*~tactically~*~*~ (hiding).
  3872 | D:5      | 3872 ||| Stepping ~*~*~tactically~*~*~ (hiding).
  3886 | D:5      | 3886 ||| Stepping ~*~*~tactically~*~*~ (cloud).
  3888 | D:5      | 3888 ||| Stepping ~*~*~tactically~*~*~ (cloud).
  3998 | D:5      | 3998 ||| UPGRADING to amulet of faith.
  4008 | D:5      | 4008 ||| DROPPING amulet of guardian spirit.
  4009 | D:5      | 4009 ||| READING 5 scrolls of identify.
  4009 | D:5      | 4009 ||| IDENTIFYING fizzy golden potion
  4010 | D:5      | 4010 ||| READING 4 scrolls of identify.
  4010 | D:5      | 4010 ||| IDENTIFYING sedimented clear potion
  4011 | D:5      | 4011 ||| READING 3 scrolls of identify.
  4011 | D:5      | 4011 ||| IDENTIFYING sedimented silvery potion
  4012 | D:5      | 4012 ||| DROPPING potion of berserk rage.
  4013 | D:5      | 4013 ||| DROPPING potion of enlightenment.
  4032 | D:6      | 4032 ||| PLANNING OSSUARY
  4172 | D:6      | Reached skill level 8 in Axes
  4218 | D:6      | Found a basalt altar of Yredelemnul.
  4230 | D:6      | 4230 ||| Stepping ~*~*~tactically~*~*~ (hiding).
  4232 | D:6      | 4232 ||| Stepping ~*~*~tactically~*~*~ (hiding).
  4233 | D:6      | 4233 ||| Stepping ~*~*~tactically~*~*~ (hiding).
  4234 | D:6      | 4234 ||| Stepping ~*~*~tactically~*~*~ (hiding).
  4389 | D:6      | Reached skill level 6 in Fighting
  4439 | D:6      | Found a sand-covered staircase.
  4448 | Ossuary  | Entered an ossuary
  4811 | Ossuary  | 4811 ||| READING 3 scrolls of identify.
  4811 | Ossuary  | 4811 ||| IDENTIFYING murky white potion
  4812 | Ossuary  | 4812 ||| READING 2 scrolls of identify.
  4812 | Ossuary  | 4812 ||| IDENTIFYING ruby potion
  4837 | D:6      | 4837 ||| PLANNING D:1-11
  4928 | D:6      | Found a broken altar of Ashenzari.
  4929 | D:6      | 4929 ||| UPGRADING to scarf of repulsion.
  4954 | D:6      | Noticed Blork the orc
  5018 | D:6      | 5018 ||| Stepping ~*~*~tactically~*~*~ (stealth).
  5028 | D:6      | Killed Blork the orc
  5029 | D:6      | Reached XP level 9. HP: 49/56 MP: 9/9
  5150 | D:6      | Found a staircase to the Ecumenical Temple.
  5151 | D:6      | 5151 ||| PLANNING TEMPLE
  5158 | D:6      | 5158 ||| READING scroll labelled ZUAGHE UTZULOI.
  5199 | D:6      | 5199 ||| DRINKING 2 sapphire potions.
  5205 | Temple   | Entered the Ecumenical Temple
  5213 | Temple   | 5213 ||| PLANNING OKAWARU WORSHIP
  5409 | Temple   | Became a worshipper of Warmaster Okawaru
  5410 | Temple   | 5410 ||| PLANNING D:1-11
  5756 | D:7      | 5756 ||| READING scroll of enchant weapon.
  5756 | D:7      | 5756 ||| ENCHANTING +3 war axe.
  5776 | D:7      | 5776 ||| Stepping ~*~*~tactically~*~*~ (hiding).
  5786 | D:7      | Reached skill level 9 in Axes
  5998 | D:7      | Found a glowing golden altar of the Shining One.
  5999 | D:7      | 5999 ||| Stepping ~*~*~tactically~*~*~ (stealth).
  6001 | D:7      | 6001 ||| Stepping ~*~*~tactically~*~*~ (stealth).
  6003 | D:7      | 6003 ||| Stepping ~*~*~tactically~*~*~ (stealth).
  6012 | D:7      | 6012 ||| Stepping ~*~*~tactically~*~*~ (stealth).
  6261 | D:7      | 6261 ||| UPGRADING to +0 pair of boots.
  6342 | D:8      | 6342 ||| Stepping ~*~*~tactically~*~*~ (hiding).
  6343 | D:8      | 6343 ||| Stepping ~*~*~tactically~*~*~ (hiding).
  6380 | D:8      | 6380 ||| Stepping ~*~*~tactically~*~*~ (hiding).
  6436 | D:8      | 6436 ||| FLEEEEING.
  6440 | D:8      | 6440 ||| Stepping ~*~*~tactically~*~*~ (hiding).
  6494 | D:8      | Reached * piety under Okawaru
  6503 | D:8      | 6503 ||| FLEEEEING.
  6504 | D:8      | 6504 ||| FLEEEEING.
  6510 | D:8      | 6510 ||| FLEEEEING.
  6511 | D:8      | 6511 ||| FLEEEEING.
  6512 | D:8      | 6512 ||| Stepping ~*~*~tactically~*~*~ (cloud).
  6593 | D:8      | 6593 ||| Stepping ~*~*~tactically~*~*~ (stealth).
  6665 | D:8      | 6665 ||| Stepping ~*~*~tactically~*~*~ (stealth).
  6673 | D:8      | 6673 ||| INVOKING Heroism.
  6695 | D:8      | 6695 ||| FLEEEEING.
  6696 | D:8      | 6696 ||| FLEEEEING.
  6770 | D:8      | 6770 ||| Stepping ~*~*~tactically~*~*~ (stealth).
  6784 | D:8      | Reached skill level 1 in Invocations
  6810 | D:8      | 6810 ||| Stepping ~*~*~tactically~*~*~ (stealth).
  6816 | D:8      | 6816 ||| Stepping ~*~*~tactically~*~*~ (stealth).
  6859 | D:8      | 6859 ||| INVOKING Heroism.
  6988 | D:8      | Reached skill level 10 in Axes
  7061 | D:8      | Reached skill level 3 in Invocations
  7175 | D:8      | 7175 ||| Stepping ~*~*~tactically~*~*~ (stealth).
  7302 | D:8      | 7302 ||| Stepping ~*~*~tactically~*~*~ (stealth).
  7304 | D:8      | 7304 ||| Stepping ~*~*~tactically~*~*~ (hiding).
  7317 | D:8      | Reached XP level 10. HP: 58/63 MP: 12/12
  7348 | D:8      | 7348 ||| DROPPING +3 leather armour.
  7349 | D:8      | 7349 ||| READING scroll labelled CECVUA ELAAM.
  7421 | D:9      | Found a radiant altar of Vehumet.
  7449 | D:9      | 7449 ||| INVOKING Heroism.
  7450 | D:9      | HP: 8/63 [yak (8)]
  7451 | D:9      | 7451 ||| DRINKING 5 potions of heal wounds.
  7456 | D:9      | Reached ** piety under Okawaru
  7783 | D:9      | Noticed a deep elf pyromancer
  7792 | D:9      | Killed a deep elf pyromancer
  7883 | D:9      | 7883 ||| INVOKING Heroism.
  7898 | D:9      | Reached *** piety under Okawaru
  7924 | D:9      | 7924 ||| Stepping ~*~*~tactically~*~*~ (stealth).
  7950 | D:9      | 7950 ||| Stepping ~*~*~tactically~*~*~ (stealth).
  7969 | D:9      | Reached skill level 11 in Axes
  7980 | D:9      | 7980 ||| INVOKING Heroism.
  7984 | D:9      | Reached skill level 9 in Fighting
  8066 | D:9      | Found Elasytwe's Armour Shop.
  8071 | D:9      | 8071 ||| BUYING +1 leather armour of Negation {Harm rF++
                  | Int-3} (327 gold).
  8071 | D:9      | Bought the +1 leather armour of Negation {Harm rF++ Int-3}
                  | for 327 gold pieces
  8071 | D:9      | 8071 ||| SHOPLISTING +1 robe of Imperfection {rF+ Int+3
                  | SInv} (392 gold, have 305).
  8071 | D:9      | 8071 ||| SHOPLISTING +2 robe of resistance (490 gold, have
                  | 305).
  8115 | D:9      | Reached **** piety under Okawaru
  8120 | D:9      | 8120 ||| INVOKING Heroism.
  8128 | D:9      | Reached XP level 11. HP: 21/71 MP: 11/14
  8343 | D:9      | 8343 ||| Stepping ~*~*~tactically~*~*~ (stealth).
  8344 | D:9      | 8344 ||| Stepping ~*~*~tactically~*~*~ (stealth).
  8346 | D:9      | Found a staircase to the Lair.
  8523 | D:9      | Noticed a two-headed ogre
  8524 | D:9      | 8524 ||| INVOKING Heroism.
  8529 | D:9      | Killed a two-headed ogre
  8928 | D:9      | 8928 ||| INVOKING Heroism.
  8939 | D:9      | Reached skill level 6 in Invocations
  9239 | D:9      | 9239 ||| PLANNING LAIR
  9291 | Lair:1   | Entered Level 1 of the Lair of Beasts
  9346 | Lair:1   | 9346 ||| Stepping ~*~*~tactically~*~*~ (stealth).
  9348 | Lair:1   | 9348 ||| Stepping ~*~*~tactically~*~*~ (stealth).
  9351 | Lair:1   | 9351 ||| INVOKING Heroism.
  9360 | Lair:1   | Reached skill level 12 in Axes
  9374 | Lair:1   | Reached ***** piety under Okawaru
  9387 | Lair:1   | 9387 ||| INVOKING Heroism.
  9395 | Lair:1   | Reached skill level 6 in Shields
  9868 | Lair:1   | 9868 ||| Stepping ~*~*~tactically~*~*~ (stealth).
  9869 | Lair:1   | 9869 ||| INVOKING Heroism.
  9883 | Lair:1   | HP: 15/71 [cane toad (13)]
  9884 | Lair:1   | 9884 ||| DRINKING 4 potions of heal wounds.
  9886 | Lair:1   | Reached skill level 6 in Armour
 10150 | Lair:1   | 10150 ||| Stepping ~*~*~tactically~*~*~ (stealth).
 10157 | Lair:1   | Identified the +1 broad axe "Voec" {antimagic, rC+ rCorr}
                  | (Okawaru gifted it to you on level 1 of the Lair of Beasts)
 10157 | Lair:1   | Received a gift from Okawaru
 10180 | Lair:1   | 10180 ||| Stepping ~*~*~tactically~*~*~ (stealth).
 10190 | Lair:1   | 10190 ||| INVOKING Heroism.
 10408 | Lair:1   | 10408 ||| READING scroll labelled SUVASUO JUDE.
 10424 | Lair:2   | 10424 ||| INVOKING Heroism.
 10438 | Lair:2   | Reached XP level 12. HP: 62/77 MP: 16/18
 10441 | Lair:2   | Reached skill level 9 in Invocations
 10442 | Lair:2   | 10442 ||| STAIRDANCE
 10627 | Lair:2   | Found a bloodstained altar of Trog.
 10628 | Lair:2   | 10628 ||| Stepping ~*~*~tactically~*~*~ (stealth).
 10629 | Lair:2   | 10629 ||| Stepping ~*~*~tactically~*~*~ (hiding).
 10632 | Lair:2   | 10632 ||| Stepping ~*~*~tactically~*~*~ (hiding).
 10643 | Lair:2   | 10643 ||| Stepping ~*~*~tactically~*~*~ (hiding).
 10645 | Lair:2   | 10645 ||| Stepping ~*~*~tactically~*~*~ (hiding).
 10650 | Lair:2   | 10650 ||| Stepping ~*~*~tactically~*~*~ (hiding).
 10651 | Lair:2   | 10651 ||| FLEEEEING.
 10652 | Lair:2   | 10652 ||| FLEEEEING.
 10713 | Lair:2   | 10713 ||| FLEEEEING.
 10716 | Lair:2   | 10716 ||| FLEEEEING.
 10717 | Lair:2   | 10717 ||| FLEEEEING.
 10718 | Lair:2   | 10718 ||| FLEEEEING.
 10719 | Lair:2   | 10719 ||| Stepping ~*~*~tactically~*~*~ (hiding).
 10722 | Lair:2   | 10722 ||| Stepping ~*~*~tactically~*~*~ (hiding).
 10723 | Lair:2   | 10723 ||| Stepping ~*~*~tactically~*~*~ (hiding).
 10724 | Lair:2   | 10724 ||| Stepping ~*~*~tactically~*~*~ (hiding).
 10727 | Lair:2   | 10727 ||| INVOKING Heroism.
 10736 | Lair:2   | HP: 18/77 [hornet (6)]
 10737 | Lair:2   | 10737 ||| DRINKING 3 potions of heal wounds.
 10977 | Lair:2   | 10977 ||| Stepping ~*~*~tactically~*~*~ (stealth).
 11066 | Lair:2   | Received a gift from Okawaru
 11091 | Lair:2   | 11091 ||| INVOKING Heroism.
 11191 | Lair:2   | 11191 ||| Stepping ~*~*~tactically~*~*~ (hiding).
 11196 | Lair:2   | 11196 ||| INVOKING Heroism.
 11203 | Lair:2   | HP: 9/77 [bog body (27)]
 11204 | Lair:2   | 11204 ||| DRINKING 2 potions of heal wounds.
 11212 | Lair:2   | 11212 ||| Stepping ~*~*~tactically~*~*~ (hiding).
 11215 | Lair:2   | 11215 ||| Stepping ~*~*~tactically~*~*~ (hiding).
 11349 | Lair:2   | Found a staircase to the Swamp.
 11350 | Lair:2   | 11350 ||| INVOKING Heroism.
 11629 | Lair:2   | 11629 ||| UPGRADING to +1 pair of gloves of strength.
 11639 | Lair:2   | 11639 ||| DROPPING +0 pair of gloves.
 11640 | Lair:2   | 11640 ||| READING scroll labelled UTWIME SULEARCH.
 11641 | Lair:2   | 11641 ||| READING 3 scrolls of identify.
 11641 | Lair:2   | 11641 ||| IDENTIFYING murky inky potion
 11642 | Lair:2   | 11642 ||| DROPPING potion of invisibility.
 11727 | Lair:3   | 11727 ||| Stepping ~*~*~tactically~*~*~ (stealth).
 11763 | Lair:3   | Reached skill level 13 in Axes
 11811 | Lair:3   | 11811 ||| FLEEEEING.
 11866 | Lair:3   | 11866 ||| INVOKING Heroism.
 11871 | Lair:3   | HP: 11/77 [elephant (13)]
 11872 | Lair:3   | 11872 ||| READING scroll of teleportation.
 11872 | Lair:3   | Slain by an elephant

Levels and vault maps discovered:
D:1:      dpeg_arrival_tiny_g, layout_rooms
D:2:      layout_rooms, serial_shops, shop
D:3:      layout_loops_cross, mainiacjoe_overflow_surrounded_room, uniq_grinder,
          uniq_sigmund
D:4:      layout_basic
D:5:      layout_basic, mainiacjoe_overflow_boulevard
D:6:      layout_loops_corners, kennysheep_mini_moat,
          nicolae_ashenzari_skybound, minmay_temple_entry_fiery,
          chequers_ossuary_entry_cave, skrybe_limestone_x,
          hangedman_decor_growths, uniq_blork_the_orc
D:7:      layout_rooms, nicolae_tso_besieged_by_evil
D:8:      layout_basic, serial_glass, glass_columns_b, glass_columns_a,
          feat_on_display, unseen_surprise_small, minmay_strange_pillars,
          lightli_orcish_oven
D:9:      layout_grid_maze, mainiacjoe_overflow_alcove_1,
          hellmonk_lair_entry_icy, serial_shops, nicolae_shop_behind_doors
Temple:   eino_narrow_crystal_temple
Lair:1:   layout_chaotic_city, beast_lair_carwin_5
Lair:2:   layout_cave_shapes, nicolae_swamp_entry_splash_gauntlet,
          lemuel_centaur_altar
Lair:3:   layout_long_grid, hellmonk_spider_entry_not_the_bees,
          infiniplex_staircase_pool, uniq_fannar

Skill      XL: |  1  2  3  4  5  6  7  8  9 10 11 12 |
---------------+-------------------------------------+-----
Axes           | 2 3 5 7 8 10 11 12 13 | 13.3
Fighting       | 4 6 7 9 10 | 10.0
Dodging        | 2 |  2.7
Shields        | 4 5 6 |  6.0
Armour         | 4 5 6 |  6.0
Invocations    | 3 4 8 10 | 10.0

Action                     |  1- 3 |  4- 6 |  7- 9 | 10-12 || total
---------------------------+-------+-------+-------+-------++-------
  Melee: War axe           |   143 |    80 |   441 |   435 ||  1099
 Invoke: Heroism           |       |       |     2 |    16 ||    18
    Use: Scroll            |     1 |     9 |    13 |     5 ||    28
         Potion            |       |       |     2 |     4 ||     6
 Armour: Scale mail        |    61 |    62 |   200 |   233 ||   556
  Dodge: Dodged            |    53 |    39 |   200 |   254 ||   546
         Repelled          |       |       |       |     4 ||     4
  Block: Buckler           |    23 |     8 |    72 |    95 ||   198

Table legend:
 A = Non-vault XP
 B = Vault XP
 C = Vault XP percentage of total XP
 D = Non-vault monster count
 E = Vault monster count
 F = Vault count percentage of total count
                 A         B        C        D         E       F
            +---------+---------+-------+---------+---------+-------
      Total |   19330 |    7089 |  26.8 |     220 |     105 |  32.3
            +---------+---------+-------+---------+---------+-------
        D:1 |      27 |       0 |   0.0 |      17 |       0 |   0.0
        D:2 |      49 |       0 |   0.0 |      23 |       0 |   0.0
        D:3 |     161 |     516 |  76.2 |      28 |       2 |   6.7
        D:4 |     358 |       0 |   0.0 |      13 |       0 |   0.0
        D:5 |     516 |       0 |   0.0 |      17 |       0 |   0.0
        D:6 |     624 |      91 |  12.7 |      14 |       1 |   6.7
        D:7 |     419 |      55 |  11.6 |       8 |      12 |  60.0
        D:8 |    1737 |      15 |   0.9 |      21 |       5 |  19.2
        D:9 |    5120 |    1808 |  26.1 |      31 |      11 |  26.2
     Lair:1 |    4177 |    1840 |  30.6 |      22 |       6 |  21.4
     Lair:2 |    4002 |    2675 |  40.1 |      16 |       9 |  36.0
     Lair:3 |    2140 |       0 |   0.0 |      10 |       0 |   0.0
    Ossuary |       0 |      89 | 100.0 |       0 |      59 | 100.0
            +---------+---------+-------+---------+---------+-------
